 Dungeon Crawl Stone Soup version 0.21.1-1-g345015f (webtiles) character file.

28 Kairos the Cudgeler (level 3, 22/22 HPs)
             Began as a Gargoyle Gladiator on Mar 27, 2018.
             Got out of the dungeon alive.
             The game lasted 00:02:10 (875 turns).

Kairos the Cudgeler (Gargoyle Gladiator)             Turns: 875, Time: 00:02:10

Health: 22/22      AC:  8    Str: 18    XL:     3   Next: 14%
Magic:  3/3        EV: 12    Int:  8    God:
Gold:   33         SH:  0    Dex: 11    Spells: 2/2 levels left

rFire    . . .     SeeInvis .   a - +0 flail
rCold    . . .     Gourm    .   (no shield)
rNeg     + . .     Faith    .   b - +1 leather armour
rPois    ∞         Spirit   .   c - +0 helmet
rElec    +         Reflect  .   (no cloak)
rCorr    .         Harm     .   (no gloves)
MR       .....                  (no boots)
Stlth    +.........             (no amulet)
HPRegen  0.07/turn              (no ring)
MPRegen  0.08/turn              (no ring)

@: no status effects
A: negative energy resistance 1, electricity resistance, unbreathing,
petrification resistance, rot immunity, AC +3
a: no special abilities


You escaped.
You were not hungry.

You visited 1 branch of the dungeon, and saw 1 of its levels.

You collected 33 gold pieces.

Inventory:

Hand Weapons
 a - a +0 flail (weapon)
Missiles
 d - 3 throwing nets (quivered)
Armour
 b - a +1 leather armour (worn)
 c - a +0 helmet (worn)
Scrolls
 l - 2 scrolls of noise
Potions
 i - a potion of curing
 j - a potion of agility
Comestibles
 f - 3 rations


   Skills:
 + Level 2.3 Fighting
 + Level 3.4 Maces & Flails
 + Level 2.0 Throwing
 + Level 0.6 Armour
 + Level 2.8 Dodging


You had 2 spell levels left.
You didn't know any spells.

Dungeon Overview and Level Annotations

Branches:
Dungeon (1/15)

Altars:


Innate Abilities, Weirdness & Mutations

You are resistant to torment.
Your stone body is resilient. (AC +3)
You are immune to poison.
You resist negative energy. (rN+)
You are resistant to electric shocks. (rElec)
You can survive without breathing.
You are immune to petrification.
You are immune to rotting.


Message History

Your +0 leather armour glows green for a moment.
As you read the scroll labeled YTUKHL BY UQAIKH, it crumbles to dust.
Your +0 flail glows pulsating cyan for a moment.
It was a scroll of random uselessness.
As you read the scroll labeled QENUTZ QAGHA, it crumbles to dust.
The air around you briefly surges with heat, but it dissipates.
It was a scroll of immolation.
It was a potion of curing.
You feel better.
It was a potion of agility.
You feel agile all of a sudden.
Unknown command.
There is an open door here.
You feel a little less agile now.
Your magical contamination has completely faded away.
There is a staircase leading out of the dungeon here.
You can't go down here!
Are you sure you want to leave the Dungeon?
This will make you lose the game!
Uppercase [Y]es or [N]o only, please.
Are you sure you want to leave the Dungeon?
This will make you lose the game!
You have escaped!

#. #.# #.#####...
#... ... #..# ####
#... ... ##.#######
#..# #.# #........
#..# #.#
..##........ #..#
###.###..##........
#..#
#....##..##........
#..#
#....##..###..#####
#..####.@..##..#
##......
#..........##..#
#..####
#..............#
##.#...
#..####........#
#.#... #..#
#....##..# #.#...
#..# #....##..#
#.....
#..#####.####..###
#...[. #........#
#....###)....
#..####..#
#..#.........


There were no monsters in sight!

Vanquished Creatures
  A dart slug (D:1)
  2 leopard geckos (D:1)
  4 bats (D:1)
  2 giant cockroaches (D:1)
  A goblin (D:1)
  2 hobgoblins (D:1)
  3 jackals (D:1)
  2 kobolds (D:1)
  2 frilled lizards (D:1)
  3 rats (D:1)
22 creatures vanquished.

Notes
Turn   | Place    | Note
-------+----------+-------------------------------------------
     0 | D:1      | Kairos the Gargoyle Gladiator began the quest for the Orb.
     0 | D:1      | Reached XP level 1. HP: 12/12 MP: 1/1
   144 | D:1      | Reached XP level 2. HP: 15/17 MP: 2/2
   574 | D:1      | Reached XP level 3. HP: 22/22 MP: 3/3
   875 | D:$      | Got out of the dungeon alive.

Skill      XL: |  1  2 |
---------------+-------+-----
Throwing       | 2 |  2.0
Fighting       | |  2.3
Maces & Flails | |  3.4
Armour         | |  0.6
Dodging        | |  2.8

Action                   || total
-------------------------++-------
Melee: Flail             ||    97
  Use: Scroll            ||     8
       Potion            ||     2
Armor: Leather armour    ||    52
Dodge: Dodged            ||    99
